 Dungeon Crawl Stone Soup version 0.29-a0-1043-g569b05d6ff (webtiles) character file.

Game seed: 14030557829623415620

9 ytrimaz the Insei (level 2, 21/21 HPs)
             Began as a Demonspawn Transmuter on Aug 15, 2022.
             Quit the game on level 1 of the Dungeon.
             The game lasted 00:00:20 (600 turns).

ytrimaz the Insei (Demonspawn Transmuter)            Turns: 600, Time: 00:00:21

Health: 21/21      AC:  2    Str: 10    XL:     2   Next: 3%
Magic:  5/5        EV: 12    Int: 14    God:
Gold:   24         SH:  0    Dex: 13    Spells: 4/5 levels left

rFire   . . .      SeeInvis .     - Unarmed
rCold   . . .      Faith    .   (no shield)
rNeg    . . .      Spirit   .   a - +0 robe
rPois   .          Reflect  .   (no helmet)
rElec   .          Harm     .   (no cloak)
rCorr   .          Rampage  .   (no gloves)
Will    .....                   (no boots)
Stlth   +.........              (no amulet)
HPRegen 0.07/turn               (no ring)
MPRegen 0.09/turn               (no ring)

@: no status effects
A: foul stench 1
a: no special abilities


You were on level 1 of the Dungeon.
You visited 1 branch of the dungeon, and saw 1 of its levels.

You collected 24 gold pieces.

Inventory:

Armour
 a - a +0 robe (worn)
Scrolls
 e - 2 scrolls of noise {unknown}
Potions
 b - a potion of lignification
 c - a potion of mutation {unknown}
 d - 2 potions of ambrosia {unknown}
 f - a potion of brilliance {unknown}


   Skills:
 - Level 1.0 Fighting
 - Level 1.7 Dodging
 + Level 2.9 Unarmed Combat
 * Level 2.2 Spellcasting
 * Level 2.0 Transmutations


You had 4 spell levels left.
You knew the following spells:

 Your Spells              Type           Power      Damage    Failure   Level
a - Beastly Appendage     Tmut           14%        N/A       10%         1

Your spell library contained the following spells:

 Spells                   Type           Power      Damage    Failure   Level
 Wereblood                Tmut           7%         N/A       16%         2
 Spider Form              Tmut/Pois      4%         N/A       43%         3
 Ice Form                 Ice/Tmut       4%         N/A       83%         4


Dungeon Overview and Level Annotations

Branches:
Dungeon (1/15)

Altars:


Innate Abilities, Weirdness & Mutations

You may rarely emit foul miasma when damaged in melee.


Message History

A hobgoblin is nearby!
A hobgoblin is nearby!
The hobgoblin shouts!
A frilled lizard comes into view.
You grow a pair of large bovine horns.
Your feet morph into talons.
The frilled lizard hisses angrily.
The hobgoblin hits you.
You completely miss the hobgoblin. You claw the hobgoblin.
You kill the hobgoblin!
Your transformation is almost over.
Unknown command.
You hit the frilled lizard.
You kill the frilled lizard!
Your Transmutations skill increases to level 2!
No target in view!
You see here a frilled lizard corpse.
Unknown command.
No target in view!
Your horns disappear.
Your talons disappear.
A quokka comes into view.
A quokka is nearby!
A quokka is nearby!
A quokka is nearby!
You grow a pair of large bovine horns.
Your feet morph into talons.
Your transformation is almost over.
Found 6 gold pieces.
The quokka closely misses you.
You hit the quokka but do no damage. Your kick misses the quokka.
The quokka bites you.
You miss the quokka. Your kick misses the quokka.
The quokka closely misses you.
You barely miss the quokka. You headbutt the quokka.
You kill the quokka!
You have reached level 2!
Your demonic ancestry asserts itself...
You begin to emit a foul stench of rot and decay.
No target in view!
Your horns disappear.
Your talons disappear.
Found a stone staircase leading down.
A bat comes into view.
Are you sure you want to abandon this character and quit the game? (Confirm with "yes".)

### #.# #.. # #.# .#
#.###.#
##############.....#
................@..#
.###############..$#
...........# b...#
...........# ##.#.#
...........# #.#.#
...........+ ....>
...........# ..# .#
.).........# ..# .#
+#.........#


You could see a bat (asleep).

Vanquished Creatures
  A bat (D:1)
  A goblin (D:1)
  3 hobgoblins (D:1)
  A quokka (D:1)
  A frilled lizard (D:1)
7 creatures vanquished.

Notes
Turn   | Place    | Note
-------+----------+-------------------------------------------
     0 | D:1      | ytrimaz the Demonspawn Transmuter began the quest for the
                  | Orb.
     0 | D:1      | Reached XP level 1. HP: 15/15 MP: 3/3
   581 | D:1      | Gained mutation: You may rarely emit foul miasma when
                  | damaged in melee. [demonic ancestry]
   581 | D:1      | Reached XP level 2. HP: 21/21 MP: 3/5
   600 | D:1      | Quit the game

Illustrated notes

Levels and vault maps discovered:
D:1:      dpeg_arrival_snail, layout_basic

Skill      XL: |  1 |
---------------+----+-----
Transmutations | 2 |  2.0
Fighting       | |  1.0
Dodging        | |  1.7
Unarmed Combat | |  2.9
Spellcasting   | |  2.2

Action                   || total
-------------------------++-------
Melee: Unarmed           ||    21
       Headbutt          ||     4
       Kick              ||     3
 Cast: Beastly Appendage ||     6
 Stab: Sleeping          ||     1
Armor: Robe              ||     3
Dodge: Dodged            ||     8

Table legend: (Time is in decaauts)
 A = Elapsed time spent in this place.
 B = Non-inter-level travel time spent in this place.
 C = Inter-level travel time spent in this place.
 D = Time resting spent in this place.
 E = Time spent auto-exploring this place.
 F = Levels seen in this place.
 G = Mean time per level.
                   A        B        C        D        E       F      G
               +--------+--------+--------+--------+--------+-----+--------+
         Total |    599 |    599 |      0 |      0 |    525 |   1 |  599.0 |
       Dungeon |    599 |    599 |      0 |      0 |    525 |   1 |  599.0 |
               +--------+--------+--------+--------+--------+-----+--------+

Top non-repeatable levels by time:
     D:1: 599 daAuts
